 Dungeon Crawl Stone Soup version 0.31.0-12-g77e489cdc1 (webtiles) character file.

Game seed: 7586195371499076216

18 Killerpretzel the Changeling (level 2, -7/18 HPs)
             Began as an Octopode Shapeshifter on Mar 6, 2024.
             Mangled by a sleepcap (8 damage)
             ... on level 4 of the Dungeon.
             The game lasted 00:00:34 (953 turns).

Killerpretzel the Changeling (Octopode Shapeshifter) Turns: 953, Time: 00:00:34

Health: -7/18      AC:  1    Str: 13    XL:     2   Next: 66%
Magic:  2/2        EV: 13    Int: 12    God:
Gold:   36         SH:  0    Dex: 11    Spells: 1/1 levels left

rFire   . .          .
                       - Unarmed
rCold   . . .        (no shield)
rNeg    . . .        (helmet currently unavailable)
rPois   .            (no amulet)
rElec   .            (no ring)
rCorr   .            (no ring)
SInv    .            (no ring)
Will    .....        (no ring)
Stlth   ++           (no ring)
HPRegen 0.23/turn    (no ring)
MPRegen 0.08/turn    (no ring)
                     (no ring)

%: no passive effects
@: beast-form
A: beast (slay +1), almost no armour, amphibious, 8 rings, camouflage 1,
gelatinous body 1, (nimble swimmer 1), tentacles
a: Begin Untransformation


You were on level 4 of the Dungeon.
You were a hulking beast.
You visited 1 branch of the dungeon, and saw 3 of its levels.

You collected 36 gold pieces.

Inventory:

Talismans
 b - a beast talisman
 c - a flux talisman
Scrolls
 e - a scroll of fog {unknown}
Potions
 a - a potion of lignification
 d - 2 potions of heal wounds {unknown}
 f - a potion of attraction {unknown}
 h - a potion of mutation {unknown}


   Skills:
 + Level 1.3 Fighting
 + Level 2.2 Dodging
 + Level 3.1 Unarmed Combat
 * Level 3.3 Shapeshifting


You had one spell level left.
You didn't know any spells.
Your spell library was empty.

Dungeon Overview and Level Annotations

Branches:
Dungeon (4/15)
 Temple: D:4-7

Altars:


Innate Abilities, Weirdness & Mutations

You are a hulking beast.
Your limbs bulge with bestial killing power. (Slay +1)
You cannot wear most types of armour.
You are amphibious.
You can wear up to eight rings at the same time.
Your skin changes colour to match your surroundings (Stealth+).
Your rubbery body absorbs attacks. (AC +1, EV +1)
((You are camouflaged when in or above water. (Stealth+)))
You have tentacles for arms and can constrict up to eight enemies at once.


Message History

A black bear comes into view.
A ball python and a sleepcap come into view.
The helpless black bear fails to defend itself.
You tentacle-slap the black bear. Your grab misses the black bear.
The black bear is lightly wounded.
You tentacle-slap the black bear. You grab the black bear.
You squeeze the black bear.
The black bear is heavily wounded.
You constrict the black bear. The black bear closely misses you.
The black bear claws you. The black bear barely misses you.
The ball python hisses angrily.
You tentacle-slap the black bear but do no damage.
The black bear is severely wounded.
You constrict the black bear. The black bear bites you!
Ouch! That really hurt!
The black bear misses you. The black bear claws you.
You are too injured to fight recklessly!
You are too injured to fight recklessly!
There are monsters nearby!
You tentacle-slap the black bear. You squeeze the black bear.
The black bear is almost dead.
You constrict the black bear.
The black bear goes berserk!
You barely miss the black bear.
The black bear is almost dead.
You constrict the black bear. The black bear barely misses you.
The black bear claws you but does no damage.
The black bear closely misses you. x2; The black bear misses you. x2
You tentacle-slap the black bear.
The black bear is almost dead.
You constrict the black bear, but do no damage.
The sleepcap barely misses you.
The black bear bites you but does no damage.
The black bear claws you.
* * * LOW HITPOINT WARNING * * *
The black bear claws you.
* * * LOW HITPOINT WARNING * * *
You tentacle-slap the black bear.
You kill the black bear!
The sleepcap releases spores at you!
You die...

#..........# .
#.......?..#
...#..........#
..............#
..............#####
#........<.........
#.##..........####
#..........##
###.#..?##h.#
#.#.#...†f#
.......##S#
......... ..
........# ...
....... ...# ..##
.... .. ...#.


You could see a sleepcap and a ball python.

Vanquished Creatures
  A black bear (D:4)
  An endoplasm (D:1)
  A giant cockroach (D:1)
  2 goblins
  A hobgoblin (D:1)
  3 jackals (D:1)
  A kobold (D:2)
  A quokka (D:1)
  2 ball pythons (D:1)
  4 bats (D:1)
17 creatures vanquished.

Notes
Turn   | Place    | Note
-------+----------+-------------------------------------------
     0 | D:1      | Killerpretzel the Octopode Shapeshifter began the quest for
                  | the Orb.
     0 | D:1      | Reached XP level 1. HP: 13/13 MP: 1/1
   124 | D:1      | Found a faded altar of an unknown god.
   353 | D:1      | Reached XP level 2. HP: 11/18 MP: 2/2
   940 | D:2      | You fall into a shaft and drop 2 floors!
   941 | D:4      | Noticed a black bear
   953 | D:4      | Killed a black bear
   953 | D:4      | Mangled by a sleepcap

Illustrated notes

Levels and vault maps discovered:
D:1:      evilmike_arrival_plus, layout_basic,
          hellmonk_ecumenical_altar_inner_sanctum, minmay_misc_feat_cross,
          minmay_misc_feat_alley
D:2:      layout_loops_ring, minmay_tiny_reverse_x
D:4:      layout_rooms, grunt_ministairs_8, nicolae_shop_sticking_my_neck_out,
          uniq_natasha, uniq_ijyb, uniq_sigmund, uniq_duvessa

Action                     || total
---------------------------++-------
  Melee: Unarmed           ||    43
         Constrict         ||    15
         Tentacles         ||    13
         Punch             ||     2
    Use: Scroll            ||     2
   Stab: Sleeping          ||     5
 Armour: Skin              ||    24
  Dodge: Dodged            ||    35
